 Seeded DCSS version 0.30-a0-920-g7493c07aab (webtiles) character file.

Game seed: 3125986916090331667 (custom seed)

55 Parcival the Covered (level 3, -6/33 HPs)
             Began as a Minotaur Fighter on Mar 21, 2023.
             Killed from afar by Natasha (7 damage)
             ... with a puff of flame
             ... on level 2 of the Dungeon.
             The game lasted 00:02:23 (1085 turns).

Parcival the Covered (Minotaur Fighter)             Turns: 1085, Time: 00:02:25

Health: -6/33      AC:  7    Str: 22    XL:     3   Next: 67%
Magic:  2/2        EV:  9    Int:  5    God:
Gold:   85         SH:  0    Dex:  9    Spells: 2/2 levels left

rFire   . . .      SeeInvis .    e - +0 executioner's axe (heavy)
rCold   . . .      Faith    .    (shield currently unavailable)
rNeg    . . .      Spirit   .    b - +0 scale mail
rPois   .          Reflect  .    (helmet restricted)
rElec   .          Rampage  .    (no cloak)
rCorr   .                        (no gloves)
Will    .....                    (no boots) Stlth
                                 (no amulet)
HPRegen 0.25/turn                (no ring)
MPRegen 0.08/turn                (no ring)

@: no status effects
A: horns 2, retaliatory headbutt
a: no special abilities


You were on level 2 of the Dungeon.
You visited 1 branch of the dungeon, and saw 2 of its levels.

You collected 85 gold pieces.

Inventory:

Hand Weapons
 a - a +0 war axe
 e - a +0 heavy executioner's axe (weapon)
Armour
 b - a +0 scale mail (worn)
Jewellery
 h - an amulet of magic regeneration
 i - a +6 ring of strength
Scrolls
 c - a scroll of identify
 f - 3 scrolls of teleportation {unknown}
 l - a scroll of amnesia {unknown}
Potions
 d - a potion of might
 g - a potion of heal wounds
 j - a potion of resistance {unknown}
 k - a potion of lignification {unknown}


   Skills:
 + Level 4.3 Fighting
 + Level 3.1 Axes
 + Level 4.3 Armour
 + Level 4.1 Shields


You had 2 spell levels left.
You didn't know any spells.
Your spell library contained the following spells:

 Spells                   Type           Power      Damage    Failure   Level
 Sandblast                Erth           0%         2d4       80%         1
 Passwall                 Tmut/Erth      0%         N/A       90%         2
 Stone Arrow              Conj/Erth      0%         3d7       99%         3


Dungeon Overview and Level Annotations

Branches:
Dungeon (2/15)

Altars:

Annotations:
D:2 Natasha


Innate Abilities, Weirdness & Mutations

You have a pair of horns on your head.
You reflexively headbutt those who attack you in melee.


Message History

You kill the worm!
l - a scroll labelled MUUZEL YSADD
f - 3 scrolls labelled FUDEOQ PYUHOB (gained 1) Natasha, Servant of Life and Death comes into view.
She is carrying a wand of flame (10).
Found an escape hatch in the floor.
Natasha hisses angrily.
Natasha stares at you and mumbles some strange words.
You resist with significant effort.
Natasha is nearby!
Natasha zaps a wand.
The puff of flame misses you. Natasha barely misses you.
You furiously retaliate!
You headbutt Natasha, but do no damage. You closely miss Natasha.
You headbutt Natasha.
Natasha is moderately wounded.
Natasha mumbles some strange words.
Natasha completely misses you.
Natasha casts a spell.
You barely miss Natasha.
Natasha is moderately wounded.
Natasha claws you. x2; Natasha zaps a wand.
The puff of flame hits you.
You barely miss Natasha.
Natasha is moderately wounded.
Natasha closely misses you.
Natasha zaps a wand.
The puff of flame hits you!
The crimson imp blinks!
You closely miss Natasha. You headbutt Natasha.
Natasha is moderately wounded.
Natasha zaps a wand.
The puff of flame hits you!
* * * LOW HITPOINT WARNING * * *
Natasha stares at you and mumbles some strange words.
You resist with significant effort.
The crimson imp blinks!
Natasha zaps a wand.
The puff of flame hits you.
* * * LOW HITPOINT WARNING * * *
You closely miss Natasha.
Natasha is moderately wounded.
Natasha zaps a wand.
The puff of flame hits you.
* * * LOW HITPOINT WARNING * * *
Natasha howls an incantation.
Natasha shimmers violently.
Natasha zaps a wand.
The puff of flame hits you!
You die...

#...>...#
#.##.#
#..####.#
#.##.#
#..# #.#
#[##.#
#†.# #..
..##.#
........##
####.#
.########
#.# . #.#
. #.# .
#@# . #h#
. .5§
.>5..
#.....#
#.....#
##...##
##.## .##


You could see an iron imp (summoned), Natasha and a crimson imp (summoned).

Vanquished Creatures
  A gnoll (D:1)
  An adder (D:2)
  A worm (D:2)
  A dart slug (D:2)
  4 endoplasms
  A giant cockroach (D:2)
  2 hobgoblins
  A quokka (D:2)
  4 ball pythons
  2 bats (D:1)
  6 goblins
  5 kobolds
  2 rats (D:1)
31 creatures vanquished.

Notes
Turn   | Place    | Note
-------+----------+-------------------------------------------
     0 | D:1      | Parcival the Minotaur Fighter began the quest for the Orb.
     0 | D:1      | Reached XP level 1. HP: 19/19 MP: 0/0
    33 | D:1      | Identified a scroll of acquirement
    33 | D:1      | Acquired a +0 heavy executioner's axe
   149 | D:1      | Reached XP level 2. HP: 27/27 MP: 1/1
   647 | D:1      | Reached XP level 3. HP: 33/33 MP: 2/2
  1076 | D:2      | Noticed Natasha
  1085 | D:2      | HP: 1/33 [Natasha/puff of flame (5)]
  1085 | D:2      | Killed from afar by Natasha

Illustrated notes

Levels and vault maps discovered:
D:1:      amcnicky_arrival_single_pillar, layout_loops_cross,
          hangedman_glass_garden
D:2:      layout_loops_ring, dk_vineyard_1, uniq_natasha

Skill      XL: |  1  2  3 |
---------------+----------+-----
Fighting       | 4 |  4.3
Armour         | 4 |  4.3
Shields        | 4 |  4.1
Axes           | 3 |  3.1

Action                     || total
---------------------------++-------
  Melee: Executioner's axe ||    51
         War axe           ||     3
         Headbutt          ||     9
    Use: Scroll            ||     3
 Armour: Scale mail        ||    39
  Dodge: Dodged            ||    56

Table legend: (Time is in decaauts)
 A = Elapsed time spent in this place.
 B = Non-inter-level travel time spent in this place.
 C = Inter-level travel time spent in this place.
 D = Time resting spent in this place.
 E = Time spent auto-exploring this place.
 F = Levels seen in this place.
 G = Mean time per level.
                   A        B        C        D        E       F      G
               +--------+--------+--------+--------+--------+-----+--------+
         Total |   1170 |   1159 |     11 |      0 |    828 |   2 |  585.0 |
       Dungeon |   1170 |   1159 |     11 |      0 |    828 |   2 |  585.0 |
               +--------+--------+--------+--------+--------+-----+--------+

Top non-repeatable levels by time:
     D:1: 726 daAuts
     D:2: 443 daAuts
